 Dungeon Crawl Stone Soup version 0.31-a0-1620-gcbf77bbcfc (webtiles) character file.

Game seed: 135518800861578218

527 Laraso the Magician (level 7, 50/50 HPs)
             Began as a Yellow Draconian Fire Elementalist on Jan 12, 2024.
             Quit the game on level 5 of the Dungeon.
             The game lasted 00:05:29 (5173 turns).

Laraso the Magician (DrFE)                          Turns: 5173, Time: 00:05:29

Health: 50/50      AC:  8    Str: 10    XL:     7   Next: 3%
Magic:  7/17       EV: 12    Int: 24    God:
Gold:   235        SH:  5    Dex: 11    Spells: 10/20 levels left

rFire   . . .        i - +1 dagger (elec)
rCold   . . .        (no shield)
rNeg    . . .        (body armour unavailable)
rPois   .            (helmet restricted)
rElec   .            m - +0 cloak
rCorr   +            h - +0 pair of gloves
SInv    +            (no boots)
Will    .....        g - amulet of reflection
Stlth   ++           c - +6 ring of intelligence
HPRegen 0.28/turn    j - ring of see invisible
MPRegen 0.15/turn

%: reflection
@: no status effects
A: spit acid, AC +6, unfitting armour, cold-blooded, acid resistance
a: Breathe Acid


You were on level 5 of the Dungeon.
You visited 1 branch of the dungeon, and saw 5 of its levels.

You collected 235 gold pieces.

Inventory:

Hand Weapons
 i - a +1 dagger of electrocution (weapon)
Missiles
 n - 5 curare-tipped darts
Armour
 h - a +0 pair of gloves (worn)
 m - a +0 cloak (worn)
Jewellery
 c - a +6 ring of intelligence (left hand)
 g - an amulet of reflection (around neck)
 j - a ring of see invisible (right hand)
Wands
 l - a wand of roots (10)
 v - a wand of flame (19)
Scrolls
 b - a scroll of blinking
 d - a scroll of immolation
 o - 2 scrolls of fear
 p - a scroll of enchant weapon
 r - a scroll of identify {unknown}
 s - a scroll of enchant armour {unknown}
Potions
 a - 2 potions of magic
 e - a potion of attraction {unknown}
 f - 2 potions of curing {unknown}
 k - 2 potions of enlightenment {unknown}
 q - a potion of brilliance {unknown}
 t - a potion of might {unknown}
 u - a potion of resistance {unknown}


   Skills:
 - Level 1.7 Dodging
 - Level 1.7 Stealth
 * Level 7.1 Spellcasting
 - Level 1.0 Conjurations
 - Level 3.0 Fire Magic


You had 10 spell levels left.
You knew the following spells:

 Your Spells              Type           Power      Damage    Failure   Level
a - Foxfire               Conj/Fire      72%        2x1d7     3%          1
b - Scorch                Fire           44%        2d6       3%          2
s - Swiftness             Air            8%         N/A       22%         3
v - Flame Wave            Conj/Fire      18%        2d7       30%         4

Your spell library contained the following spells:

 Spells                   Type           Power      Damage    Failure   Level
 Ensorcelled Hibernation  Hex/Ice        16%        N/A       11%         2
 Inner Flame              Hex/Fire       15%        N/A       12%         3
 Volatile Blastmotes      Fire/Tloc      30%        2d12      12%         3
 Passwall                 Erth           8%         N/A       22%         3


Dungeon Overview and Level Annotations

Branches:
Dungeon (5/15)             Temple (0/1) D:4

Altars:
Dithmenos
Fedhas
Nemelex Xobeh

Annotations:
D:4 1 transporter, Grinder


Innate Abilities, Weirdness & Mutations

You can spit globs of acid.
Your golden yellow scales are hard. (AC +6)
You cannot fit into any form of body armour.
You are cold-blooded and may be slowed by cold attacks.
You are resistant to acid. (rCorr)


Message History

Found a short sword.
You see here a +0 short sword.
An orc priest comes into view. It is wielding a +0 whip.
The orc priest moves out of view.
Found a blossoming altar of Fedhas.
Flames lash the orc priest.
The orc priest is lightly wounded.
The orc priest's fire resistance burns away.
Flames lash the orc priest.
The orc priest is burned terribly!
The orc priest is almost dead.
You hear a shout!
Flames lash the orc priest.
The orc priest is burned terribly!
You kill the orc priest!
You hear a distant slurping noise.
Things that are here:
a +0 whip; an orc corpse Blork the orc comes into view.
He is wielding a +2 heavy trident.
Blork the orc shouts!
Blork the orc is nearby!
An orc comes into view. It is wielding a +0 flail.
Flames lash Blork the orc.
Blork the orc is lightly wounded.
Blork the orc's fire resistance burns away.
The orc shouts!
Flames lash Blork the orc.
Blork the orc is burned terribly!
Blork the orc is moderately wounded.
Blork the orc is engulfed in a cloud of scalding steam.
Flames lash Blork the orc.
Blork the orc is burned terribly!
Blork the orc is severely wounded.
Blork the orc is engulfed in a cloud of scalding steam.
Blork the orc splashes around in the water.
Flames lash Blork the orc.
Blork the orc is burned terribly!
You kill Blork the orc!
You hear a splash. x3
Your Spellcasting skill increases to level 7!
You have reached level 7!
Your scales start taking on a golden yellow colour.
You can spit globs of acid.
You feel resistant to acid.
Are you sure you want to abandon this character and quit the game? (Confirm with "yes".)

#... ###...
#.~... #. #~~...
#.# ##.§§§.##
#.# #..§~~..#
#.# ..~.§§..##
#.# #@.## #.#
##..###.###
##)##..).#######
#..#..###....)##
#......#.......#
#..#...))..<....
#..#....♣.....♣.
#....##.........
#...>.....♣.♣...


There were no monsters in sight!

Vanquished Creatures
  Blork the orc (D:5)
  A scorpion (D:5)
  A howler monkey (D:5)
  A bombardier beetle (D:4)
  2 orc priests
  Natasha (thrice) (D:4)
  An orc wizard (D:5)
  4 gnolls (D:3)
  2 adders
  A shadow imp (D:5)
  2 ufetubi (D:4)
  4 dart slugs
  4 ribbon worms
  6 orcs
  4 ball pythons
  7 bats
  6 endoplasms
  A giant cockroach (D:1)
  5 goblins
  7 hobgoblins
  4 jackals (D:1)
  7 kobolds
  2 quokkas
  5 rats
81 creatures vanquished.

Vanquished Creatures (others)
  58 foxfires
58 creatures vanquished.

Grand Total: 139 creatures vanquished

Notes
Turn   | Place    | Note
-------+----------+-------------------------------------------
     0 | D:1      | Laraso the Draconian Fire Elementalist began the quest for
                  | the Orb.
     0 | D:1      | Reached XP level 1. HP: 14/14 MP: 3/3
   216 | D:1      | Reached XP level 2. HP: 20/20 MP: 1/5
   512 | D:1      | Learned a level 2 spell: Scorch
   561 | D:1      | Reached skill level 3 in Spellcasting
  1424 | D:2      | Reached XP level 3. HP: 26/26 MP: 2/7
  1743 | D:2      | Reached skill level 4 in Spellcasting
  1743 | D:2      | Reached XP level 4. HP: 33/33 MP: 1/10
  2507 | D:3      | Found a shadowy altar of Dithmenos.
  2784 | D:3      | Reached XP level 5. HP: 38/38 MP: 9/12
  3345 | D:4      | Reached skill level 5 in Spellcasting
  3351 | D:4      | Noticed Natasha
  3521 | D:4      | Killed Natasha
  3595 | D:4      | Noticed Natasha
  3597 | D:4      | Killed Natasha
  3718 | D:4      | Noticed Grinder
  3935 | D:4      | Found a sparkling altar of Nemelex Xobeh.
  3935 | D:4      | Found a transporter.
  3935 | D:4      | Noticed a steam dragon
  3936 | D:4      | Noticed a wyvern
  4396 | D:4      | Found a staircase to the Ecumenical Temple.
  4406 | D:4      | Noticed Natasha
  4419 | D:5      | Entered Level 5 of the Dungeon
  4524 | D:4      | Killed Natasha
  4525 | D:4      | Reached XP level 6. HP: 38/45 MP: 7/14
  4808 | D:5      | Reached skill level 6 in Spellcasting
  4958 | D:4      | Learned a level 4 spell: Flame Wave
  4962 | D:4      | Learned a level 3 spell: Swiftness
  5119 | D:5      | Found a blossoming altar of Fedhas.
  5166 | D:5      | Noticed Blork the orc
  5172 | D:5      | Killed Blork the orc
  5173 | D:5      | Reached skill level 7 in Spellcasting
  5173 | D:5      | Your scales start taking on a golden yellow colour.
  5173 | D:5      | Reached XP level 7. HP: 50/50 MP: 7/17
  5173 | D:5      | Gained mutation: You are resistant to acid. (rCorr) [Yellow
                  | Draconian growth]
  5173 | D:5      | Quit the game

Illustrated notes

Levels and vault maps discovered:
D:1:      lemuel_arrival_funnel, layout_basic, minivault_23
D:2:      layout_rooms
D:3:      layout_basic, mainiacjoe_overflow_concentric_impassable
D:4:      layout_loops_ring, grunt_nemelex_the_gamble,
          minmay_temple_entry_from_below_a, uniq_grinder, uniq_natasha
D:5:      corexii_shack_village, layout_basic,
          nicolae_wu_jian_immortal_techniques, fedhas_altar_2,
          grunt_ministairs_10, uniq_blork_the_orc

Skill      XL: |  1  2  3  4  5  6 |
---------------+-------------------+-----
Spellcasting   | 3 4 5 7 |  7.1
Dodging        | |  1.7
Stealth        | |  1.7
Conjurations   | |  1.0
Fire Magic     | |  3.0

Action                     |  1- 3 |  4- 6 |  7- 9 || total
---------------------------+-------+-------+-------++-------
  Melee: Unarmed           |    15 |       |       ||    15
         Tailslap          |     3 |     1 |       ||     4
         Short sword       |    26 |       |       ||    26
         Dagger            |       |    16 |       ||    16
         Punch             |       |     1 |       ||     1
   Cast: Foxfire           |    36 |     1 |       ||    37
         Scorch            |    18 |    77 |       ||    95
    Use: Scroll            |     5 |     1 |       ||     6
   Stab: Sleeping          |       |     4 |       ||     4
 Armour: Skin              |    42 |    26 |       ||    68
  Dodge: Dodged            |    49 |    19 |       ||    68
  Block: Other             |    16 |     4 |       ||    20
         Reflection        |     1 |       |       ||     1

Table legend: (Time is in decaauts)
 A = Elapsed time spent in this place.
 B = Non-inter-level travel time spent in this place.
 C = Inter-level travel time spent in this place.
 D = Time resting spent in this place.
 E = Time spent auto-exploring this place.
 F = Levels seen in this place.
 G = Mean time per level.
                   A        B        C        D        E       F      G
               +--------+--------+--------+--------+--------+-----+--------+
         Total |   5185 |   5003 |    182 |    887 |   3390 |   5 | 1037.0 |
       Dungeon |   5185 |   5003 |    182 |    887 |   3390 |   5 | 1037.0 |
               +--------+--------+--------+--------+--------+-----+--------+

Top non-repeatable levels by time:
     D:4: 1422 daAuts
     D:1: 1398 daAuts
     D:3: 1378 daAuts
     D:2: 660 daAuts
     D:5: 325 daAuts
